 Dungeon Crawl Stone Soup version 0.31-a0-18-gea43df2a32 (webtiles) character file.

Game seed: 18299812393070551250

7629 CowFu the Fighter (level 11, -3/89 HPs)
             Began as a Djinni Ice Elementalist on May 10, 2023.
             Was a High Priest of Makhleb.
             Slain by a centaur warrior
             ... wielding a +0 battleaxe
              (4 damage)
             ... on level 10 of the Dungeon on May 11, 2023.
             The game lasted 00:29:43 (7539 turns).

CowFu the Fighter (Djinni Ice Elementalist)         Turns: 7539, Time: 00:29:44

Health: -3/89      AC:  8    Str:  7    XL:     11   Next: 40%
Gold:   371        EV: 12    Int: 34    God:    Makhleb [*****.] SH:  0 Dex: 13

rFire   + + .        k - +1 quarterstaff
rCold   x x .        (shield currently unavailable)
rNeg    + + .        N - +1 steam dragon scales
rPois   ∞            y - +0 helmet
rElec   .            r - +0 cloak "Bedaver" {+Inv rC- rN++}
rCorr   .            (no gloves)
SInv    .            (boots unavailable)
Will    +....        d - amulet of regeneration
Stlth   ++           m - +6 ring of intelligence
HPRegen 1.14/turn    B - +6 ring of intelligence
MPRegen 0.00/turn

%: infuse magic (-4 HP)
@: freezing walls, flying, studying Stealth
A: sickness immunity, fire resistance 2, cold vulnerability 1, float, innate
caster, HP casting, extra vitality 1
a: Renounce Religion, Evoke Invisibility, Minor Destruction, Lesser Servant of
Makhleb, Major Destruction, Greater Servant of Makhleb


You were on level 10 of the Dungeon.
You worshipped Makhleb.
Makhleb was extremely pleased with you.
You visited 1 branch of the dungeon, and saw 10 of its levels.
You also visited: Sewer and Bailey.

You collected 371 gold pieces.

Inventory:

Hand Weapons
 k - a +1 quarterstaff (weapon)
 J - the +3 whip of Oput {heavy, *Slow rElec Str+2 Dex+3}
   (You found it on level 8 of the Dungeon)

   Str:       It affects your strength (+2).
   Dex:       It affects your dexterity (+3).
   rElec:     It insulates you from electricity.
   *Slow:     It may slow you when you take damage.
 M - the +5 glaive of the Shore {vamp, *Noise rElec rPois Stlth-}
   (You found it in a bailey)

   rElec:     It insulates you from electricity.
   rPois:     It protects you from poison.
   *Noise:    It may make noises in combat.
   Stlth:     It makes you less stealthy.
Missiles
 t - 3 throwing nets
Armour
 r - the +0 cloak "Bedaver" (worn) {+Inv rC- rN++}
   (You found it on level 4 of the Dungeon)

   rC:        It makes you vulnerable to cold.
   rN:        It greatly protects you from negative energy.
   +Inv:      It lets you turn invisible.
 v - the +4 robe of the Blue Moon {+Inv}
   (You took it off a hobgoblin on level 4 of the Dungeon)

   +Inv:      It lets you turn invisible.
 y - a +0 helmet (worn)
 E - a +0 cloak
 H - the +3 ring mail of Dramatic Exits {-Tele rC+++ Dex+2 Slay+2}
   (You took it off an orc on level 8 of the Dungeon)

   Dex:       It affects your dexterity (+2).
   Slay:      It affects your accuracy & damage with ranged weapons and melee
   (+2).
   rC:        It renders you almost immune to cold.
   -Tele:     It prevents most forms of teleportation.
 N - +1 steam dragon scales (worn)
Jewellery
 d - an amulet of regeneration (around neck)
 m - a +6 ring of intelligence (left hand)
 p - an amulet of faith
 s - a ring of ice
 B - a +6 ring of intelligence (right hand)
 G - a ring of protection from fire
Wands
 o - a wand of roots (8)
 x - a wand of mindburst (3)
 C - a wand of polymorph (10)
 D - a wand of paralysis (7)
 K - a wand of quicksilver (10)
Scrolls
 c - 3 scrolls of silence
 l - 3 scrolls of fog
 n - 2 scrolls of blinking
 u - 4 scrolls of teleportation
 w - a scroll of magic mapping
 I - a scroll of fear
Potions
 a - 2 potions of resistance
 b - a potion of invisibility
 e - a potion of berserk rage
 g - 2 potions of flight
 h - 5 potions of mutation
 i - 3 potions of brilliance
 j - 4 potions of magic
 q - a potion of attraction {unknown}
 z - 2 potions of haste {unknown}
 A - 2 potions of lignification {unknown}


   Skills:
 + Level 11.7 Fighting
 + Level 2.7 Dodging
 + Level 2.3 Stealth
 + Level 9.8 Spellcasting
 + Level 1.2 Invocations
 + Level 1.2 Evocations


You knew the following spells:

 Your Spells              Type           Power      Damage    Failure   Level
a - Freeze                Ice            100%       1d10      1%          1
b - Frozen Ramparts       Ice            100%       1d16      1%          3
c - Ozocubu's Armour      Ice            70%        N/A       1%          3
d - Summon Ice Beast      Ice/Summ       70%        N/A       1%          4
e - Shock                 Conj/Air       100%       1d9       1%          1
f - Static Discharge      Conj/Air       100%       2-7/arc   1%          2
g - Mephitic Cloud        Conj/Pois/Air  70%        N/A       1%          3
h - Flame Wave            Conj/Fire      70%        2d16      1%          4
i - Yara's Violent Unrav  Hex/Tmut       35%        3d14      1%          5
Your spell library was empty.

Dungeon Overview and Level Annotations

Branches:
Dungeon (10/15)            Temple (0/1) D:4           Sewer (visited)
 Bailey (visited)
   Lair: D:8-11         Orc: D:9-12

Altars:
Ashenzari
Elyvilon
Hepliaklqana
Makhleb
Yredelemnul

Shops:
D:4 [   D:7 =   D:8 *

Annotations:
D:3 2 transporters, bchevrier's ghost, amateur GnWn
D:5 3 runed translucent doors, passusers's ghost, novice MiBe


Innate Abilities, Weirdness & Mutations

You are immune to sickness and miasma.
You are immune to poison.
Your flesh is very heat resistant. (rF++)
You are vulnerable to cold. (rC-)
You float through the air rather than walking.
You learn spells naturally, not from books.
Your magical power is your life essence.
You have superior vitality. (+4 MHP)


Message History

The wraith resists.
The wall freezes the wraith.
You destroy the wraith!
Makhleb accepts your kill.
The frozen ramparts melt away.
You feel yourself speed up.
HP restored.
Your icy armour cracks and falls away as you move.
Found an escape hatch in the floor.
A centaur warrior comes into view. It is wielding a +0 battleaxe.
A centaur warrior is nearby!
A centaur warrior is nearby!
The centaur warrior shouts!
The centaur warrior unwields a +0 battleaxe.
The centaur warrior wields a +0 shortbow.
The centaur warrior shoots an arrow.
The arrow hits you!!
The centaur warrior shoots an arrow.
The arrow hits you!
The centaur warrior shoots an arrow.
The arrow hits you!
The centaur warrior shoots an arrow.
The arrow barely misses you.
The centaur warrior shoots an arrow.
The arrow barely misses you.
The centaur warrior shoots an arrow.
The arrow hits you!
The centaur warrior unwields a +0 shortbow.
The centaur warrior wields a +0 battleaxe.
The centaur warrior hits you with a +0 battleaxe!
* * * LOW HITPOINT WARNING * * *
The centaur warrior kicks you but does no damage.
Casting: Ozocubu's Armour (safe; 1% risk of failure)
Confirm with . or Enter, or press ? or * to list all spells.
Casting: Frozen Ramparts (safe; 1% risk of failure)
Press: ? - help, Dir - look around, f - activate The walls around you are covered in ice.
* * * LOW HITPOINT WARNING * * *
The wall freezes the centaur warrior.
The centaur warrior hits you with a +0 battleaxe.
* * * LOW HITPOINT WARNING * * *
The centaur warrior kicks you but does no damage.
The wall freezes the centaur warrior!
The centaur warrior hits you with a +0 battleaxe!
* * * LOW HITPOINT WARNING * * *
The centaur warrior kicks you.
You die...

...# ...# ...# # ...# .#
...##################..#
.......................#
..........................
....<.....................
################@.########
#.c# #..# #..# #..# ....
>... .... .... .### ..###
.#


You could see a centaur warrior.

Vanquished Creatures
  2 two-headed ogres
  Nergalle (D:10)
  Prince Ribbit (D:9)
  Sigmund (D:5)
  A wyvern (D:9)
  5 yaks (D:9)
  3 spriggans (Bailey)
  A vampire (D:10)
  A wraith (D:10)
  A steam dragon (Bailey)
  A water moccasin (D:7)
  Duvessa (D:5)
  3 ice beasts
  8 ogres
  2 phantoms
  A kobold brigand (Sewer)
  A bullfrog (D:8)
  A gnoll sergeant (D:9)
  2 scorpions
  Dowan (D:5)
  17 killer bees
  A gnoll bouda (D:9)
  A jelly (D:5)
  2 orc priests (D:7)
  A sleepcap (D:8)
  2 hounds
  4 iguanas
  8 orc wizards
  10 adders
  14 gnolls
  2 river rats (Sewer)
  A white imp (D:7)
  2 worms
  2 dart slugs (D:1)
  23 orcs
  8 ball pythons
  5 bats
  7 endoplasms
  3 giant cockroaches
  10 goblins
  11 hobgoblins
  5 jackals
  4 quokkas
  6 frilled lizards
  8 kobolds
  16 rats
211 creatures vanquished.

Vanquished Creatures (collateral kills)
  Maggie (D:7)
  A spriggan (Bailey)
  Edmund (D:5)
3 creatures vanquished.

Grand Total: 214 creatures vanquished

Notes
Turn   | Place    | Note
-------+----------+-------------------------------------------
     0 | D:1      | CowFu the Djinni Ice Elementalist began the quest for the
                  | Orb.
     0 | D:1      | CowFu set off with the following spells memorised: Freeze,
                  | Frozen Ramparts, Ozocubu's Armour, Summon Ice Beast.
     0 | D:1      | Reached XP level 1. HP: 15/15 MP: 0/0
   135 | D:1      | Reached skill level 1 in Fighting
   135 | D:1      | Reached XP level 2. HP: 21/22 MP: 0/0
   261 | D:1      | Reached XP level 3. HP: 24/27 MP: 0/0
   261 | D:1      | Learned a level 1 spell: Shock
   320 | D:1      | Found a faded altar of an unknown god.
   370 | D:1      | Prayed at the altar of an unknown god.
   370 | D:1      | Became a worshipper of Makhleb the Destroyer
   370 | D:1      | Reached * piety under Makhleb
   798 | D:2      | Reached skill level 2 in Fighting
   888 | D:2      | Reached XP level 4. HP: 33/33 MP: 0/0
   921 | D:2      | Reached ** piety under Makhleb
  1372 | D:3      | You are sucked into a shaft and drop 2 floors!
  1372 | D:5      | Entered Level 5 of the Dungeon
  1401 | D:5      | Noticed a phantom
  1402 | D:5      | Noticed a phantom
  1460 | D:4      | Reached XP level 5. HP: 17/40 MP: 0/0
  1460 | D:4      | Learned a level 2 spell: Static Discharge
  1524 | D:5      | Reached skill level 3 in Fighting
  1558 | D:3      | Found a transporter.
  1561 | D:3      | Noticed a phantom
  1620 | D:3      | Found a transporter.
  1623 | D:3      | Noticed bchevrier's ghost (amateur GnWn)
  2083 | D:4      | Reached XP level 6. HP: 34/46 MP: 0/0
  2148 | D:4      | Identified the +4 robe of the Blue Moon {+Inv}
  2187 | D:4      | Found a staircase to the Ecumenical Temple.
  2201 | D:4      | Reached skill level 4 in Fighting
  2203 | D:4      | Identified the +0 cloak "Bedaver" {+Inv rC- rN++}
  2479 | D:4      | Noticed an ogre
  2488 | D:4      | Killed an ogre
  2489 | D:4      | Reached XP level 7. HP: 39/53 MP: 0/0
  2489 | D:4      | Learned a level 3 spell: Mephitic Cloud
  2500 | D:4      | Found Exkucus's Armour Boutique.
  2738 | D:4      | Reached skill level 5 in Spellcasting
  3066 | D:5      | Found a runed translucent gate.
  3066 | D:5      | Found a runed translucent gate.
  3066 | D:5      | Found a runed translucent gate.
  3070 | D:5      | Noticed passusers's ghost (novice MiBe)
  3138 | D:5      | Reached *** piety under Makhleb
  3148 | D:5      | Reached skill level 5 in Fighting
  3315 | D:5      | Noticed Sigmund
  3321 | D:5      | Killed Sigmund
  3344 | D:5      | Noticed Edmund
  3348 | D:5      | Killed Edmund
  3349 | D:5      | Reached XP level 8. HP: 44/61 MP: 0/0
  3391 | D:5      | Noticed Dowan
  3400 | D:5      | Noticed Duvessa
  3405 | D:5      | Killed Dowan
  3407 | D:5      | Killed Duvessa
  3408 | D:5      | Reached skill level 6 in Fighting
  4124 | D:6      | Found a glowing drain.
  4128 | Sewer    | Entered a sewer
  4657 | D:6      | Reached skill level 7 in Fighting
  4986 | D:7      | Found Wuxzofy's Jewellery Shop.
  5031 | D:7      | Reached XP level 9. HP: 68/68 MP: 0/0
  5031 | D:7      | Learned a level 4 spell: Flame Wave
  5094 | D:7      | Noticed Maggie
  5114 | D:7      | Killed Maggie
  5115 | D:7      | Reached skill level 8 in Fighting
  5256 | D:7      | Reached **** piety under Makhleb
  5767 | D:8      | Found a hazy altar of Hepliaklqana.
  5770 | D:8      | Found a white marble altar of Elyvilon.
  5771 | D:8      | Identified the +3 ring mail of Dramatic Exits {-Tele rC+++
                  | Dex+2 Slay+2}
  5773 | D:8      | Found a broken altar of Ashenzari.
  5776 | D:8      | Found a basalt altar of Yredelemnul.
  5811 | D:8      | Identified the +3 whip of Oput {heavy, *Slow rElec Str+2
                  | Dex+3}
  5898 | D:8      | Found Kedeshruq's Assorted Antiques.
  5970 | D:8      | Found a flagged portal.
  5989 | Bailey   | Entered a bailey
  6003 | Bailey   | Reached skill level 9 in Fighting
  6017 | Bailey   | Reached XP level 10. HP: 48/78 MP: 0/0
  6044 | Bailey   | Noticed a two-headed ogre
  6059 | Bailey   | Killed a two-headed ogre
  6060 | Bailey   | Reached skill level 10 in Fighting
  6202 | Bailey   | Identified the +5 glaive of the Shore {vamp, *Noise rElec
                  | rPois Stlth-}
  6715 | D:9      | Reached ***** piety under Makhleb
  6931 | D:9      | Reached skill level 11 in Fighting
  6931 | D:9      | Reached XP level 11. HP: 87/87 MP: 0/0
  6931 | D:9      | Learned a level 5 spell: Yara's Violent Unravelling
  7016 | D:9      | Noticed Prince Ribbit
  7026 | D:9      | Killed Prince Ribbit
  7121 | D:9      | Noticed a two-headed ogre
  7136 | D:9      | Killed a two-headed ogre
  7409 | D:10     | Entered Level 10 of the Dungeon
  7429 | D:10     | Noticed Nergalle
  7447 | D:10     | Killed Nergalle
  7448 | D:10     | Reached skill level 1 in Invocations
  7448 | D:10     | Reached skill level 1 in Evocations
  7531 | D:10     | Noticed a centaur warrior
  7539 | D:10     | HP: 1/89 [centaur warrior/+0 battleaxe (10)]
  7539 | D:10     | Slain by a centaur warrior

Illustrated notes

Levels and vault maps discovered:
D:1:      saegor_arrival_simple_d, layout_basic, ebering_ecumenical_altar_hall
D:2:      layout_basic, basic_altar
D:3:      layout_loops_ring, gammafunk_ghost_mausoleum
D:4:      layout_layer_cave, minmay_temple_entry_tees, serial_shops,
          nicolae_square_shop, due_unseen_surprise
D:5:      layout_cave_pods, ebering_ghost_rock_garden, sigmund_edmund_badplayer,
          uniq_duvessa
D:6:      layout_basic, gup_sewer_entry_bowl
D:7:      layout_gridville, serial_shops, nicolae_shop_statue_plus,
          minmay_crossroads, uniq_maggie
D:8:      layout_basic, grunt_temple_overflow_cloverleaf, enter_bailey_5,
          serial_shops, shop
D:9:      layout_roguey, chequers_serial_rivers_room_b, uniq_prince_ribbit1
D:10:     layout_long_grid, nicolae_shop_overcharged_wands, uniq_nergalle,
          uniq_fannar, uniq_lodul

Skill      XL: |  1  2  3  4  5  6  7  8  9 10 11 |
---------------+----------------------------------+-----
Fighting       | 1 2 3 4 5 7 9 11 | 11.7
Spellcasting   | 4 5 6 7 9 |  9.8
Stealth        | 2 |  2.3
Invocations    | 1 |  1.2
Evocations     | 1 |  1.2
Dodging        | |  2.7

Action                     |  1- 3 |  4- 6 |  7- 9 | 10-12 || total
---------------------------+-------+-------+-------+-------++-------
  Melee: Unarmed           |    19 |    16 |       |       ||    35
         Quarterstaff      |       |    27 |   128 |    57 ||   212
   Cast: Freeze            |    60 |    44 |    10 |    12 ||   126
         Frozen Ramparts   |     1 |    14 |    42 |    26 ||    83
         Ozocubu's Armour  |       |     5 |    13 |    10 ||    28
         Summon Ice Beast  |       |     1 |     7 |     2 ||    10
         Static Discharge  |       |     2 |     6 |       ||     8
         Shock             |       |       |     4 |       ||     4
         Flame Wave        |       |       |       |     2 ||     2
    Use: Scroll            |       |    10 |    11 |     4 ||    25
         Potion            |       |     2 |     1 |     6 ||     9
   Stab: Sleeping          |       |       |     1 |       ||     1
 Armour: Robe              |    22 |    15 |    62 |     5 ||   104
         Steam dragon scal |       |       |       |    45 ||    45
  Dodge: Dodged            |    46 |    78 |   105 |    83 ||   312

Table legend: (Time is in decaauts)
 A = Elapsed time spent in this place.
 B = Non-inter-level travel time spent in this place.
 C = Inter-level travel time spent in this place.
 D = Time resting spent in this place.
 E = Time spent auto-exploring this place.
 F = Levels seen in this place.
 G = Mean time per level.
                   A        B        C        D        E       F      G
               +--------+--------+--------+--------+--------+-----+--------+
         Total |   7607 |   7367 |    240 |     15 |   4934 |  12 |  633.9 |
       Dungeon |   6848 |   6608 |    240 |     15 |   4587 |  10 |  684.8 |
         Sewer |    464 |    464 |      0 |      0 |    239 |   1 |  464.0 |
        Bailey |    294 |    294 |      0 |      0 |    108 |   1 |  294.0 |
               +--------+--------+--------+--------+--------+-----+--------+

Top non-repeatable levels by time:
     D:4: 1022 daAuts
     D:5: 1007 daAuts
     D:9: 783 daAuts
     D:1: 746 daAuts
     D:7: 717 daAuts
     D:8: 669 daAuts
     D:3: 615 daAuts
     D:6: 599 daAuts
     D:2: 541 daAuts
   Sewer: 464 daAuts
  Bailey: 294 daAuts
    D:10: 144 daAuts
